 Dungeon Crawl Stone Soup version 0.30-a0-857-gcaf70739d4 (webtiles) character file.

Game seed: 5547810075681433362

754 bmack86 the Chopper (level 7, -1/56 (61) HPs)
             Began as a Minotaur Fighter on Mar 5, 2023.
             Was an Initiate of Okawaru.
             Slain by a wight
             ... wielding a +4 trident
              (7 damage)
             ... on level 6 of the Dungeon.
             The game lasted 00:14:19 (4342 turns).

bmack86 the Chopper (Minotaur Fighter)              Turns: 4342, Time: 00:14:19

HP:   -1/56 (61)    AC: 18    Str: 22    XL:     7   Next: 49%
MP:   6/6           EV:  6    Int:  5    God:    Okawaru [......]
Gold: 224           SH:  5    Dex: 10    Spells: 6/6 levels left

rFire   . . .      SeeInvis .    a - +0 war axe (venom)
rCold   . . .      Faith    .    c - +0 buckler
rNeg    . . .      Spirit   .    r - +0 plate armour
rPois   .          Reflect  .    (helmet restricted)
rElec   .          Rampage  .    n - +1 cloak
rCorr   .                        (no gloves)
Will    .....                    g - +2 pair of boots Stlth
                                 (no amulet)
HPRegen 0.29/turn                (no ring)
MPRegen 0.10/turn                (no ring)

@: drained
A: horns 2, retaliatory headbutt
a: Renounce Religion


You were on level 6 of the Dungeon.
You worshipped Okawaru.
Okawaru was noncommittal.
You visited 2 branches of the dungeon, and saw 7 of its levels.
You also visited: Sewer.

You collected 254 gold pieces.
You spent 30 gold pieces at shops.

Inventory:

Hand Weapons
 a - a +0 war axe of venom (weapon)
Missiles
 i - 2 throwing nets
 p - 15 poisoned darts (quivered)
Armour
 c - a +0 buckler (worn)
 g - a +2 pair of boots (worn)
 n - a +1 cloak (worn)
 r - a +0 plate armour (worn)
Jewellery
 h - a ring of wizardry
Wands
 e - a wand of mindburst (14)
 s - a wand of iceblast (5)
Scrolls
 f - 2 scrolls of vulnerability
 o - 2 scrolls of teleportation
Potions
 b - 2 potions of heal wounds
 d - 3 potions of might
 j - 2 potions of resistance
 k - a potion of haste
 l - 3 potions of brilliance
 m - 3 potions of curing
 q - a potion of attraction {unknown}
 t - a potion of ambrosia {unknown}
 v - a potion of cancellation {unknown}
 z - a potion of lignification {unknown}


   Skills:
 + Level 5.4 Fighting
 * Level 6.4 Axes
 + Level 2.7 Throwing
 + Level 5.5 Armour
 + Level 5.5 Shields


You had 6 spell levels left.
You didn't know any spells.
Your spell library contained the following spells:

 Spells                   Type           Power      Damage    Failure   Level
 Sandblast                Erth           0%         2d4       100%        1
 Shock                    Conj/Air       0%         1d3       100%        1
 Passwall                 Tmut/Erth      0%         N/A       100%        2
 Stone Arrow              Conj/Erth      0%         3d7       100%        3
 Swiftness                Air            0%         N/A       100%        3
 Airstrike                Air            0%         2d(0-16)  100%        4
 Summon Small Mammal      Summ           Unusable   N/A       N/A         1
 Call Canine Familiar     Summ           Unusable   N/A       N/A         3
 Summon Guardian Golem    Hex/Summ       Unusable   N/A       N/A         3

Dungeon Overview and Level Annotations

Branches:
Dungeon (6/15)             Temple (1/1) D:5           Sewer (visited)

Altars:
Cheibriados
Dithmenos
Elyvilon
Gozag
Kikubaaqudgha
Makhleb
Okawaru
Ru
Sif Muna
Trog
Uskayaw
Vehumet
Wu Jian
Xom
Yredelemnul
Zin

Shops:
D:2 !::(   D:5 (


Innate Abilities, Weirdness & Mutations

You have a pair of horns on your head.
You reflexively headbutt those who attack you in melee.


Message History

The wight hits you but does no damage.
You slash the wight!
You destroy the wight!
Okawaru accepts your kill. The wight hits you but does no damage.
You block the wight's attack.
Things that are here:
a +5 battleaxe; a +0 robe A sleepcap comes into view.
A wight comes into view. It is wielding a +0 dagger.
The wight hits you but does no damage.
You hit the wight but do no damage.
The sky beast flickers out of sight!
Deactivating autopickup; reactivate with Ctrl-A.
The wight completely misses you.
You completely miss the wight. The wight hits you with a +4 trident.
You feel drained.
A sky beast appears from thin air!
Reactivating autopickup.
You slash the wight!
The wight is heavily damaged.
The wight hits you with a +4 trident.
You barely miss the wight.
The wight is heavily damaged.
You hit the sleepcap.
The sky beast flickers out of sight!
Deactivating autopickup; reactivate with Ctrl-A.
The sleepcap releases spores at you.
You are engulfed in a cloud of soporific spores!
You fall asleep.
The wight hits you with a +4 trident!
You wake up.
You feel drained.
The sleepcap releases spores at you but does no damage.
The wight hits you with a +4 trident!
* * * LOW HITPOINT WARNING * * *
You feel drained.
* * * LOW HITPOINT WARNING * * *
A sky beast appears from thin air!
Reactivating autopickup.
You hit the wight.
The wight is severely damaged.
You hit the sleepcap but do no damage. You barely miss the sky beast.
The wight hits you with a +4 trident!
You die...

#........ #.
#...(.... #.
#......(. #.
#........ #.
#...|....
#.##).(.....
#.#<)(......
######f##ยง.......
.......@Y........
......zz#........
...(....#........
........#?.......
........#........
..<.....#........
........#...!....
........#........


You could see a sky beast, a sleepcap and 2 wights.

Vanquished Creatures
  4 kobold brigands (Sewer)
  A phantom (D:5)
  A wight (D:6)
  A howler monkey (D:5)
  2 hounds
  An iguana (D:5)
  4 gnolls
  7 adders
  2 white imps
  A worm (Sewer)
  5 dart slugs
  4 orcs
  18 ball pythons
  2 bats
  11 endoplasms
  2 giant cockroaches
  10 goblins
  2 hobgoblins
  3 jackals (D:1)
  10 kobolds
  2 quokkas
  7 frilled lizards
  7 rats
107 creatures vanquished.

Notes
Turn   | Place    | Note
-------+----------+-------------------------------------------
     0 | D:1      | bmack86 the Minotaur Fighter began the quest for the Orb.
     0 | D:1      | Reached XP level 1. HP: 19/19 MP: 0/0
   262 | D:1      | Reached XP level 2. HP: 27/27 MP: 1/1
   302 | D:1      | Reached skill level 3 in Axes
   538 | D:1      | Reached XP level 3. HP: 33/33 MP: 2/2
  1049 | D:2      | Found Ufox's Antique Weapon Boutique.
  1251 | D:2      | Identified the +1 dagger of the Moth {freeze, +Blink rPois}
  1294 | D:2      | Found Efajog's Book Shop.
  1329 | D:2      | Found Vibb's Book Shoppe.
  1346 | D:2      | Found Reuluph's Distillery.
  1364 | D:2      | Bought a potion of curing for 30 gold pieces
  1506 | D:2      | Reached XP level 4. HP: 34/40 MP: 3/3
  1850 | D:3      | Found an opulent altar of Gozag.
  1892 | D:3      | Reached skill level 4 in Axes
  2691 | D:4      | Reached XP level 5. HP: 47/47 MP: 4/4
  2994 | D:5      | Entered Level 5 of the Dungeon
  3004 | D:5      | Noticed a phantom
  3015 | D:5      | Killed a phantom
  3016 | D:5      | Reached skill level 1 in Throwing
  3084 | D:5      | Reached skill level 5 in Axes
  3084 | D:5      | Reached XP level 6. HP: 52/53 MP: 5/5
  3432 | D:5      | Found a glowing drain.
  3455 | Sewer    | Entered a sewer
  3566 | Sewer    | Reached skill level 5 in Shields
  3580 | Sewer    | Reached skill level 5 in Fighting
  3580 | Sewer    | Reached skill level 5 in Armour
  3730 | Sewer    | Reached XP level 7. HP: 39/61 MP: 6/6
  3851 | Sewer    | Reached skill level 6 in Axes
  4169 | D:5      | Found Uhuh's Weapon Shoppe.
  4200 | D:5      | Found a staircase to the Ecumenical Temple.
  4209 | Temple   | Entered the Ecumenical Temple
  4216 | Temple   | Became a worshipper of Warmaster Okawaru
  4342 | D:6      | Slain by a wight

Illustrated notes

Levels and vault maps discovered:
D:1:      dpeg_arrival_boxes_within_box, layout_basic, minmay_nonomino_d4
D:2:      layout_basic, serial_shops, shop, shop, shop, shop_statue,
          minmay_strange_pillars, kennysheep_generic_room_8
D:3:      layout_loops_ring, nicolae_overflow_crystal_walls
D:4:      kennysheep_spiral_hall, layout_loops_ring
D:5:      layout_loops_ring, minmay_temple_entry_statues, portal_sewer_entry_b,
          serial_shops, nicolae_diamond_shop
D:6:      layout_basic, nemelex_spade_bored_becter, minitemple,
          minmay_shop_mayhem, uniq_grinder
Temple:   minmay_freezing_vapour_temple

Skill      XL: |  1  2  3  4  5  6  7 |
---------------+----------------------+-----
Axes           | 3 4 5 6 |  6.4
Shields        | 4 5 |  5.5
Fighting       | 4 5 |  5.4
Armour         | 4 5 |  5.5
Throwing       | 1 2 |  2.7

Action                     |  1- 3 |  4- 6 |  7- 9 || total
---------------------------+-------+-------+-------++-------
  Melee: War axe           |    75 |   169 |    26 ||   270
         Headbutt          |     6 |    27 |     5 ||    38
  Throw: Dart              |       |       |     5 ||     5
    Use: Scroll            |     3 |     7 |     7 ||    17
         Potion            |       |       |     1 ||     1
 Armour: Scale mail        |    14 |       |       ||    14
         Chain mail        |    43 |    23 |       ||    66
         Plate armour      |       |    73 |    13 ||    86
  Dodge: Dodged            |    44 |    38 |     8 ||    90
  Block: Buckler           |    21 |    30 |     3 ||    54

Table legend: (Time is in decaauts)
 A = Elapsed time spent in this place.
 B = Non-inter-level travel time spent in this place.
 C = Inter-level travel time spent in this place.
 D = Time resting spent in this place.
 E = Time spent auto-exploring this place.
 F = Levels seen in this place.
 G = Mean time per level.
                   A        B        C        D        E       F      G
               +--------+--------+--------+--------+--------+-----+--------+
         Total |   4505 |   4361 |    144 |     62 |   2640 |   8 |  563.1 |
       Dungeon |   3910 |   3766 |    144 |      0 |   2481 |   6 |  651.7 |
        Temple |     14 |     14 |      0 |      0 |      0 |   1 |   14.0 |
         Sewer |    580 |    580 |      0 |     62 |    158 |   1 |  580.0 |
               +--------+--------+--------+--------+--------+-----+--------+

Top non-repeatable levels by time:
     D:1: 1060 daAuts
     D:5: 845 daAuts
     D:3: 713 daAuts
     D:4: 668 daAuts
     D:2: 597 daAuts
   Sewer: 580 daAuts
     D:6: 24 daAuts
  Temple: 14 daAuts
